Description

This is very simular to that of Hellion raven into double thor drop 3cc with some notable diffrences in timings

Due to BCs being expensive and take long to build:

Third cc is later you have time to get 2 siege tanks out for safety before making thors your barracks makes both tech labs

This is a build order I just made up minutes ago due to wanting a followup after BCs This is the first build I have come up with myself so please dont hate me

Build Order

Get SALT Encoding   

  14  0:17  Supply Depot  
  15  0:41  Barracks  
  16  0:45  Refinery  
  19  1:29  Orbital Command, Reaper  
  20  1:40  Command Center  
  20  1:49  Supply Depot  
  21  2:01  Marine  
  22  2:04  Factory  
  23  2:11  Refinery  
  23  2:22  Barracks Reactor  
  26  2:51  Starport  
  26  2:52  Orbital Command  
  26  3:03  Barracks Tech Lab, Hellion x2  Takes time to float
  31  3:25  Hellion x2  
  37  3:34  Supply Depot  
  37  3:36  Viking  
  37  3:37  Fusion Core  
  41  3:49  Supply Depot  
  48  3:56  Refinery  
  52  4:25  Hellion x2  
  56  4:33  Battlecruiser  
  58  4:36  Refinery  
  60  4:37  Barracks Tech Lab  
  64  4:55  Barracks Tech Lab  
  66  5:10  Command Center  
  68  5:14  Factory x2  
  76  5:37  Battlecruiser  
  79  5:44  Armory x2  
  84  5:58  Siege Tank x2  
  94  6:14  Orbital Command  
  98  6:41  Starport Reactor  
  101  6:45  Thor x2  
  111  6:46  Terran Vehicle Weapons Level 1, Terran Vehicle And Ship Armor Level 1  
  117  7:17  Medivac x2  
  141  7:50  Starport Reactor  
  141  7:52  Factory x2  Goes on reactor and tech lab
Spawning Tool Build Advisor. Get it on Overwolf

Analysis

All of this is very messed up but you will hopefully get the general idea

Transition is whatever you want whether its 3port banshee 3port BC 3port lib 7 factory full production with 1 starport etc.

Flying my BCs to the Zerg base and teleporting home is what I do, keeping them alive so you can multiprong with hellions/hellbats, double thor drop later on and besides keeping bcs alive would also hopefuly be able to contribute in the defense against a roach counterall-in by the zerg as BCs take up all your gas

Go to:

Details

  • Created by: Lukebomber     
  • Published on: Dec 09, 2018
  • Modified on: Dec 15, 2018
  • Patch: 4.7.1
Show
View Real Time Build Order
Export as new Build Order

Comments (0)

There are no comments. Be the first!

Create an account to comment!